Unix NetHack Version 3.7.0-89 Work-in-progress - last build Sep 24 2023 19:26:52 (48e034876007844a536bf88644040a71d2893410,branch:master). Game began 2023-10-06 18:14:41, ended 2023-10-07 07:47:25. spontiff, neutral male gnomish Healer ----- -------------------------------- |...| |...............................############-.<.| |.-----------. --------...|# # #####--|-- |.| |...|..|.-------..|+++|...|# #### ### |.+ |.(.|..|.|.....|..|+++|...|# # ### |.---|...||--.|.[_..|-|-...|...|# ## ## |....---|-....|.....|..--|--...-##### ## |.............|.....|..........|# ## ## |...........{.--|----.{........|# # ##### |....%....(....................|# # -)---# #|...--|--+--...........-d---...|########....|# #....|...| |---.-------|@..|...|# ##|...|# #|...|)*.| |..|.|...| |]@.|...| #|)..|# |...|...| |..-.-.$.| |](m|...| #..[.|# |...----- ----.----- -----...| |....# |.... ..... ....| ----- ------ ------- ------ Spontiff the Rhizotomist St:9 Dx:10 Co:18 In:9 Wi:14 Ch:16 Neutral S:250 Dlvl:6 $:0 HP:0(20) Pw:5(7) AC:-8 Xp:1/0 T:2707 Burdened Latest messages: You finish taking off your helm. What do you want to wear? [eh or ?*] h You finish your dressing maneuver. What do you want to drop? [$a-hk-oq-sv-yD-FHJM-PS or ?*] e You drop an uncursed +0 helmet. What do you want to use or apply? [mosxDEOS or ?*] s In what direction? k Status of the large dog (neutral, medium): Level 9 HP 55(72) AC 4, tame. The large dog misses the watch captain. The large dog misses the watch captain. The large dog bites the watch captain. "Hello, spontiff! Welcome to Corsh's hardware store!" You hear some noises. You see here a key (for sale, 8 zorkmids). "For you, esteemed sir; only 8 zorkmids for this key." You have a little trouble lifting j - a key (unpaid, 8 zorkmids). What do you want to drop? [$a-df-hj-oq-sv-yD-FHJM-PS or ?*] 9 Count: 9 $ You drop 9 gold pieces. You have established 9 zorkmids credit. The large dog misses the watch captain. You see here a bag (for sale, 32 zorkmids). The tripe rations will cost you 11 zorkmids each. You have a little trouble removing p - 2 tripe rations (unpaid, 22 zorkmids). "For you, most gracious sir; only 2 zorkmids for this bag." You have a little trouble lifting t - an empty bag (unpaid, 2 zorkmids). What do you want to adjust? [a-df-hj-tv-yD-FHJM-PS or ?*] t Adjust letter to what [eituzA-CGIKLQRT-Z] (? see used letters)? f Swapping: f - an empty bag (unpaid, 2 zorkmids). What do you want to call? [afhjlovwD-FHJM-P or ?*] f Call a bag: sack Your wallet contains 385 zorkmids. You have 9 zorkmids credit at Corsh's hardware store. You owe Corsh 32 zorkmids. You have 1 zorkmid credit at Kipawa's general store. You have 1 zorkmid credit at Papar's delicatessen. You have 1 zorkmid credit at Izchak's lighting store. You see here 9 gold pieces. What do you want to drop? [$a-df-hj-tv-yD-FHJM-PS or ?*] $ You drop 385 gold pieces. 385 zorkmids added to your credit; total is now 394 zorkmids. The large dog bites the jackal. The jackal is killed! Wait! That's a giant mimic! The giant mimic hits! The giant mimic hits again! You die... Corsh takes all your possessions. Do you want to see what you had when you died? [ynq] (y) y Do you want to see the dungeon overview? [ynq] (y) y Inventory: Weapons k - an uncursed +0 scalpel (alternate weapon; not wielded) b - an uncursed -1 trident Armor h - an uncursed +0 dwarvish iron helm (being worn) g - an uncursed +1 pair of leather gloves (being worn) v - an uncursed +1 pair of iron shoes (being worn) t - an uncursed +2 large shield r - an uncursed +0 small shield (being worn) q - an uncursed +1 dwarvish cloak (being worn) d - an uncursed +0 studded leather armor (being worn) Comestibles y - an uncursed apple n - 4 uncursed food rations p - 2 uncursed tripe rations Scrolls N - an uncursed scroll of amnesia P - an uncursed scroll of light M - an uncursed scroll of magic mapping Spellbooks m - a blessed spellbook of healing O - an uncursed spellbook of knock E - an uncursed spellbook of remove curse Potions c - 5 uncursed potions of extra healing F - a blessed potion of fruit juice H - an uncursed potion of restore ability w - an uncursed potion of water Wands D - an uncursed wand of digging (0:6) S - an uncursed wand of sleep (0:3) Tools f - an empty uncursed sack x - an uncursed brass lantern j - an uncursed skeleton key s - an uncursed stethoscope o - an uncursed tin whistle Gems/Stones l - an uncursed worthless piece of green glass a - 2 uncursed worthless pieces of violet glass J - an uncursed worthless piece of yellow glass Spontiff the Healer's attributes: Background: You were a Rhizotomist, a level 1 male gnomish Healer. You were neutral, on a mission for Hermes who was opposed by Athena (lawful) and Poseidon (chaotic). You were in the Gnomish Mines, on level 6. You entered the dungeon 2707 turns ago. You had 0 experience points, 20 were needed to attain level 2. Your score was 250 before end-of-game adjustments. Basics: You had 0 out of 20 hit points. You had 5 out of 7 energy points (spell power). Your armor class was -8. Your wallet was empty. Autopickup was on, but temporarily disabled while inside the shop. Final Characteristics: Your strength was 9 (limit:18/50). Your dexterity was 10 (limit:18). Your constitution was 18 (limit:18). Your intelligence was 9 (limit:19). Your wisdom was 14 (limit:18). Your charisma was 16 (limit:18). Final Status: You were held by a giant mimic (southeast). You were not hungry. You were burdened; movement was slightly slowed. You were empty handed. You were unskilled in bare handed combat. Final Attributes: You were devoutly aligned. You were poison resistant. You had infravision. You had a moderate defense bonus (+6). You were warded. You are dead. Miscellaneous: You never encountered a bones level. Total elapsed playing time was 1 hour, 10 minutes and 3 seconds. Major events: Turn 1: spontiff the neutral male gnomish Healer entered the dungeon 493: entered the Gnomish Mines 2302: reached Mine Town 2707: killed by a giant mimic Vanquished creatures: a small mimic 2 watchmen a gnomish wizard 3 dwarves an orc zombie 3 acid blobs a coyote 2 hobbits a large kobold a hobgoblin 2 giant rats 3 yellow molds a green mold a red mold 3 gnomes 2 garter snakes 2 gnome zombies 2 geckos 9 jackals a fox 4 kobolds a goblin 2 sewer rats 9 grid bugs a bat 2 lichens 6 kobold zombies 9 newts 76 creatures vanquished. No species were genocided or became extinct. Voluntary challenges: You never hit with a wielded weapon. You were a pacifist. You read items or engraved 4 times. You never engraved Elbereth. You never genocided any monsters. You never polymorphed an object. You never changed form. You used no wishes. Achievements: You entered the Gnomish Mines. You entered a shop. You entered Minetown. You entered a temple. The Dungeons of Doom: levels 1 to 3 Level 1: A fountain, a grave. Level 2: A potion shop. Stairs down to The Gnomish Mines. Level 3: A fountain. The Gnomish Mines: levels 3 to 6 Level 3: "magic trap" Level 4: Level 5: Level 6: <- You were here. Many shops, a temple, some fountains. Final resting place for you, killed by a giant mimic. Game over: ---------- / \ / REST \ / IN \ / PEACE \ / \ | spontiff | | 0 Au | | killed by a | | giant mimic | | | | | | 2023 | *| * * * | * _________)/\\_//(\/(/\)/\//\/|_)_______ Goodbye spontiff the Healer... You died in The Gnomish Mines on dungeon level 6 with 250 points, and 0 pieces of gold, after 2707 moves. You were level 1 with a maximum of 20 hit points when you died.